woodfighter, chaotic female sylph Ranger --------- ---..|....--- |.`..|..``.>| --...``.....--- |.....|.....|<| |.`.`....`---^| |------@u.|.^^| |.......---.^.| --.........^^-- |......---..| ---...%(.|--- -------- woodfighter the Trailblazer Experience level: 6 Strength: 16 Dexterity: 12 Constitution: 16 Intelligence: 13 Wisdom: 13 Charisma: 9 Health: 0(48) Energy: 39(39) Def: 3 Gold: 0 Moves: 3374 Dungeon seed: VviSDiIR0tbXDZQ- Game ID: woodfighter_1471514705 Your Inventory: Weapons a - a blessed +2 bow (weapon in hand) c - 51 +2 arrows (in quiver) d - 30 +0 arrows Armor e - an uncursed +2 cloak of displacement (being worn) Y - an uncursed +0 pair of leather gloves Comestibles f - an uncursed cram ration p - an uncursed food ration Scrolls O - 2 uncursed scrolls of earth Rings H - an uncursed +1 ring of protection J - an uncursed ring of polymorph control L - an uncursed ring of searching U - an uncursed -1 ring of gain constitution V - an uncursed ring of free action Wands K - a wand of fire (0:8) Tools y - an uncursed skeleton key N - a +0 pick-axe Q - an uncursed magic lamp Spells and supernatural/magical abilities: Name Level Category Fail Memory W - pray for help -- divine ? -- Your skills at the end: Miscellaneous Skills wands [Basic] Weapon Skills dagger [Basic] bow [Basic] Spellcasting Skills Final Attributes: You were piously aligned. You saw invisible. You had automatic searching. You had infravision. You were displaced. You were stealthy. You were protected from shape changers. You were lucky. You are dead. Vanquished creatures: a tengu a dingo a blue jelly a soldier ant 2 bugbears a rock mole a gnome lord a gnomish wizard 4 floating eyes a dwarf 2 kobold lords a kobold shaman an iguana a centipede 2 giant bats a coyote a hobbit 2 acid blobs a large kobold a gecko 4 hobgoblins 3 giant rats a brown mold 2 yellow molds a gnome a gnome zombie 3 jackals a kobold 7 newts a goblin 3 sewer rats 7 grid bugs a bat 2 lichens 2 kobold zombies 66 creatures vanquished. Voluntary challenges: You followed a strict vegan diet. You did not adorn yourself with jewelry or accessories. You had been an atheist until turn 2890. You used a wielded weapon 1 time, starting on turn 2961. You did not apply a unicorn horn. You were illiterate. You never genocided any monsters. You never polymorphed an object. You never changed form. You used no wishes. You never split a pudding. You never wrote Elbereth's name. You never violated your personal moral code. Dungeon overview: The Dungeons of Doom: levels 1 to 9 Level 1 a long staircase Level 2 an armor shop, a fountain, a sink Level 3 ( ) a fountain stairs to The Gnomish Mines Level 4 Level 5 some fountains Level 6 a general store Level 7 many fountains Level 8 stairs to Sokoban Level 9 The Gnomish Mines: Level 4 stairs to The Dungeons of Doom Sokoban: Level 7 <- You were here a magic chest stairs to The Dungeons of Doom History has recorded: On T:1 you entered the Dungeons of Doom to retrieve the Amulet of Yendor! On T:246 you reached level 2 of The Dungeons of Doom. On T:375 you reached level 3 of The Dungeons of Doom. On T:782 you advanced to experience level 2. On T:884 you reached level 1 of The Gnomish Mines. On T:1183 you reached level 4 of The Dungeons of Doom. On T:1327 you reached level 5 of The Dungeons of Doom. On T:1412 you advanced to experience level 3. On T:1661 you reached level 6 of The Dungeons of Doom. On T:1803 you advanced to experience level 4. On T:1828 you advanced to experience level 5. On T:2475 you reached level 7 of The Dungeons of Doom. On T:2518 you reached level 8 of The Dungeons of Doom. On T:2886 you advanced to experience level 6. On T:3164 you reached level 9 of The Dungeons of Doom. On T:3271 you reached level 4 of Sokoban. On T:3304 you opened a magic chest. Score breakdown: Gold: 0 ( 0 points) Experience: 6 levels ( 500 points) Exploration: 9 levels ( 240 points) Discoveries: 1 item ( 50 points) Variety of kills: 35 monsters ( 1750 points) Major goal: (nothing yet) ( 0 points) Survival: died (score multiplied by 3) Total score: 7620 Latest messages: The arrow hits the giant bat. The giant bat bites! The arrow hits the giant bat. The giant bat bites! (2x) You kill the giant bat! c - 2 +2 arrows (in quiver). The white unicorn butts! The white unicorn kicks! The white unicorn butts! The white unicorn kicks! c - a +2 arrow (in quiver). The white unicorn butts! The white unicorn kicks! The white unicorn butts! The white unicorn kicks! You shoot 2 arrows. The 1st arrow hits the white unicorn. The 2nd arrow hits the white unicorn! The white unicorn butts! The white unicorn kicks! The white unicorn butts! You die... Final status: Goodbye woodfighter the Ranger, killed by a white unicorn... You died in Sokoban on dungeon level 7 with 7620 points, and 0 pieces of gold, after 3374 moves. You were level 6 with a maximum of 48 hit points when you died.